 Dungeon Crawl Stone Soup version 0.28-a0-1235-g7c8fac35f0 (webtiles) character file.

Game seed: 16447380179605960490

2800 bearlyready the Fighter (level 9, -4/61 (78) HPs)
             Began as a Merfolk Brigand on Dec 24, 2021.
             Was an Initiate of Gozag.
             Slain by a centaur (11 damage)
             ... on level 7 of the Dungeon.
             The game lasted 00:12:33 (9371 turns).

bearlyready the Fighter (Merfolk Brigand)           Turns: 9371, Time: 00:12:33

HP:   -4/61 (78)    AC:  7    Str: 11    XL:     9   Next: 71%
MP:   9/9           EV: 16    Int: 11    God:    Gozag
Gold: 486           SH:  0    Dex: 19    Spells: 8/8 levels left

rFire   . . .      SeeInvis .   M - +4 spear
rCold   . . .      Faith    .   (no shield)
rNeg    . . .      Spirit   .   r - +2 leather armour {rPois}
rPois   +          Reflect  .   (no helmet)
rElec   .          Harm     .   c - +0 cloak
rCorr   .          Rampage  .   C - +0 pair of gloves
Will    +....                   (no boots)
Stlth   ++++......              (no amulet)
HPRegen 0.20/turn               g - ring of wizardry
MPRegen 0.11/turn               B - ring of willpower

@: heavily drained
A: (nimble swimmer 2), mertail
a: Renounce Religion, Potion Petition, Call Merchant, Bribe Branch


You were on level 7 of the Dungeon.
You worshipped Gozag.
Gozag was aware of your devotion.
You visited 2 branches of the dungeon, and saw 8 of its levels.

You collected 542 gold pieces.
You paid 56 gold pieces to Gozag.

Inventory:

Hand Weapons
 a - a +2 dagger
 k - a +0 rapier
 m - a +6 dagger
 s - a +2 dagger of venom
 G - a +2 short sword of draining
 M - a +4 spear (weapon)
Missiles
 d - 15 poisoned darts (quivered)
 e - 3 datura-tipped darts
 w - 5 boomerangs
 P - 6 atropa-tipped darts
Armour
 c - a +0 cloak (worn)
 r - a +2 leather armour of poison resistance (worn)
 C - a +0 pair of gloves (worn)
 H - a +2 leather armour of fire resistance
Jewellery
 b - a ring of positive energy
 g - a ring of wizardry (left hand)
 B - a ring of willpower (right hand)
 E - a ring of magical power
Wands
 t - a wand of flame (15)
 L - a wand of iceblast (4)
Scrolls
 f - 4 scrolls of teleportation
 h - a scroll of vulnerability {unknown}
 l - 3 scrolls of blinking
 p - a scroll of fog {unknown}
 q - 2 scrolls of noise
 v - a scroll of summoning {unknown}
 x - a scroll of acquirement {unknown}
 y - 3 scrolls of fear
 z - a scroll of enchant armour {unknown}
 D - a scroll of amnesia {unknown}
 I - a scroll of immolation {unknown}
 J - 2 scrolls of holy word {unknown}
 N - a scroll of identify
Potions
 i - a potion of mutation {unknown}
 n - 5 potions of haste
 o - 2 potions of invisibility {unknown}
 u - 4 potions of curing
 A - 2 potions of attraction {unknown}
 F - a potion of ambrosia {unknown}
 K - 3 potions of flight {unknown}
 O - a potion of might {unknown}
 Q - 2 potions of heal wounds {unknown}


   Skills:
 - Level 10.0 Fighting
 - Level 2.4 Short Blades
 + Level 4.3 Polearms
 - Level 2.0 Throwing
 - Level 8.0 Dodging
 - Level 9.0 Stealth
 - Level 1.1 Evocations


You had 8 spell levels left.
You didn't know any spells.
Your spell library contained the following spells:

 Spells                   Type           Power      Damage    Failure   Level
 Ensorcelled Hibernation  Hex/Ice        0%         N/A       26%         2
 Tukima's Dance           Hex            0%         N/A       45%         3


Dungeon Overview and Level Annotations

Branches:
Dungeon (7/15)             Temple (1/1) D:5

Altars:
Cheibriados
Elyvilon
Gozag
Kikubaaqudgha
Makhleb
Nemelex Xobeh
Okawaru
Qazlal
Ru
Sif Muna
Trog
Uskayaw
Wu Jian
Xom
Zin
The Shining One


Innate Abilities, Weirdness & Mutations

((You are very nimble when in or above water. (Stealth+, EV+, Speed+++)))
Your lower body shifts to a powerful aquatic tail in water.


Message History

The centaur is lightly wounded.
The centaur hits you with the +3 quarterstaff of the Everdark {spect, Dex+6}.
The centaur closely misses you.
You hit the centaur.
The centaur is heavily wounded.
The centaur hits you with the +3 quarterstaff of the Everdark {spect, Dex+6}!
The centaur barely misses you. The centaur misses you.
The centaur completely misses you.
You completely miss the centaur.
The centaur is heavily wounded.
The centaur hits you with the +3 quarterstaff of the Everdark {spect, Dex+6}.
The centaur barely misses you.
You hit the centaur but do no damage.
The centaur is heavily wounded.
The centaur barely misses you. The centaur closely misses you.
You hit the centaur but do no damage.
The centaur is heavily wounded.
The centaur misses you. The centaur completely misses you.
The centaur hits you with the +3 quarterstaff of the Everdark {spect, Dex+6}.
The centaur closely misses you.
You hit the centaur.
The centaur is severely wounded.
The centaur hits you but does no damage.
The centaur kicks you.
You hit the centaur.
The centaur is almost dead.
The centaur misses you. The centaur barely misses you.
You completely miss the centaur.
The centaur is almost dead.
The centaur hits you with the +3 quarterstaff of the Everdark {spect, Dex+6}!
* * * LOW HITPOINT WARNING * * *
The centaur closely misses you.
The centaur hits you with the +3 quarterstaff of the Everdark {spect, Dex+6}!
* * * LOW HITPOINT WARNING * * *
The centaur kicks you but does no damage.
You hit the centaur but do no damage.
The centaur is almost dead.
The centaur hits you with the +3 quarterstaff of the Everdark {spect, Dex+6}!
You die...
Your body crumbles into a pile of gold.

.#.....#.#....<..#.......#.#
.####.)#.#..#.####.#######.#
.........#..#.# #.# #.#
#####..#.#..#.# #.# #.#
#..#.#..#.####.#######.#
#..#......##.........#.######
#..###..........$..[.........
#..# #.##.##.#.#####.#.####..
##..###.##.##@#.#####.#.#
...........##c#.......#.#
###.###........########.##...
.###...<..........).....#
............########.####
#####.............. .#
########.#..########
#...........# #...........#


You could see a centaur.

Vanquished Creatures
  Pikel (D:4)
  A troll (D:6)
  Grinder (D:6)
  2 water moccasins
  Duvessa (D:6)
  An orc warrior (D:4)
  2 sky beasts
  An ogre (D:5)
  A centaur (D:7)
  3 lemures
  A bullfrog (D:7)
  2 scorpions
  Dowan (D:6)
  5 wights
  3 killer bees (D:7)
  A centaur zombie (D:6)
  2 jellies
  2 centaur skeletons
  3 hounds
  Ijyb (D:3)
  A scorpion zombie (D:5)
  2 iguanas
  2 orc wizards
  A killer bee zombie (D:7)
  A hound skeleton (D:5)
  4 adders
  2 white imps
  An ufetubus (D:6)
  2 worms
  3 dart slugs (D:4)
  12 orcs
  6 ball pythons
  7 bats
  5 endoplasms
  4 giant cockroaches
  5 goblins
  8 hobgoblins
  8 jackals
  3 quokkas
  A frilled lizard (D:3)
  7 kobolds
  6 rats
126 creatures vanquished.

Notes
Turn   | Place    | Note
-------+----------+-------------------------------------------
     0 | D:1      | bearlyready the Merfolk Brigand began the quest for the
                  | Orb.
     0 | D:1      | Reached XP level 1. HP: 16/16 MP: 1/1
   137 | D:1      | Reached XP level 2. HP: 21/23 MP: 2/2
   465 | D:1      | Reached skill level 3 in Fighting
   557 | D:1      | Reached XP level 3. HP: 27/29 MP: 3/3
   776 | D:1      | Reached skill level 5 in Stealth
  1853 | D:2      | Reached XP level 4. HP: 27/36 MP: 4/4
  2698 | D:3      | Noticed Ijyb
  2707 | D:3      | Killed Ijyb
  2708 | D:3      | Reached skill level 4 in Fighting
  2724 | D:3      | Found a faded altar of an unknown god.
  2841 | D:3      | Reached XP level 5. HP: 42/42 MP: 5/5
  4039 | D:5      | Entered Level 5 of the Dungeon
  4039 | D:5      | Noticed an ogre
  4040 | D:5      | Killed an ogre
  4041 | D:5      | Reached skill level 5 in Fighting
  4041 | D:5      | Reached XP level 6. HP: 51/51 MP: 6/6
  4059 | D:5      | Noticed a water moccasin
  4261 | D:5      | Noticed Pikel
  4369 | D:4      | Killed Pikel
  4370 | D:4      | Reached skill level 6 in Fighting
  4370 | D:4      | Reached XP level 7. HP: 31/59 MP: 7/7
  4552 | D:5      | Reached skill level 7 in Fighting
  4552 | D:5      | Reached XP level 8. HP: 16/67 MP: 8/8
  4813 | D:5      | Found a staircase to the Ecumenical Temple.
  6221 | D:5      | Reached skill level 8 in Fighting
  6478 | Temple   | Entered the Ecumenical Temple
  6614 | Temple   | Became a worshipper of Gozag Ym Sagoz the Greedy
  6795 | D:6      | Noticed Duvessa
  6795 | D:6      | Noticed Dowan
  6800 | D:6      | Killed Duvessa
  6803 | D:6      | Killed Dowan
  6843 | D:6      | Noticed Grinder
  6858 | D:6      | Killed Grinder
  6859 | D:6      | Reached skill level 5 in Dodging
  6859 | D:6      | Reached XP level 9. HP: 67/75 MP: 9/9
  6954 | D:6      | Reached skill level 9 in Fighting
  7112 | D:6      | Noticed a troll
  7431 | D:6      | Killed a troll
  7665 | D:6      | Found a sparkling altar of Nemelex Xobeh.
  7734 | D:6      | Found a hide-covered altar of Uskayaw.
  7741 | D:6      | Found a burning altar of Makhleb.
  7745 | D:6      | Found a stormy altar of Qazlal.
  8068 | D:6      | Reached skill level 10 in Fighting
  8307 | D:7      | Reached skill level 1 in Evocations
  8538 | D:7      | Reached skill level 1 in Polearms
  9098 | D:7      | Identified the +3 quarterstaff of the Everdark {spect,
                  | Dex+6}
  9371 | D:7      | Slain by a centaur

Illustrated notes

Levels and vault maps discovered:
D:1:      matt_arrival_diagonals, layout_loops_ring
D:2:      layout_basic
D:3:      layout_basic, hellmonk_ecumenical_altar_dog_temple,
          minmay_misc_feat_chi, chequers_serial_rivers_marsh,
          hangedman_decor_lopped, st_stairs_9, uniq_ijyb
D:4:      layout_gridville
D:5:      layout_cave_pods, minmay_temple_entry_statues_fountains, uniq_pikel
D:6:      layout_rooms, kennysheep_mini, minmay_overflow_temple_star_quad,
          grunt_ministairs_12, uniq_grinder, uniq_duvessa
D:7:      layout_basic, gammafunk_ghost_cemetery, eino_jars
Temple:   hc_temple_tempest_star

Skill      XL: |  1  2  3  4  5  6  7  8  9 |
---------------+----------------------------+-----
Fighting       | 3 4 5 6 7 8 10 | 10.0
Stealth        | 5 6 8 9 |  9.0
Dodging        | 5 8 |  8.0
Evocations     | 1 |  1.1
Polearms       | 4 |  4.3
Short Blades   | |  2.4
Throwing       | |  2.0

Action                   |  1- 3 |  4- 6 |  7- 9 || total
-------------------------+-------+-------+-------++-------
Melee: Dagger            |   140 |   162 |   225 ||   527
       Spear             |       |       |    55 ||    55
Throw: Dart              |       |     4 |    18 ||    22
Evoke: Wand              |       |       |     7 ||     7
  Use: Scroll            |       |       |     6 ||     6
 Stab: Sleeping          |     8 |    11 |     7 ||    26
       Distracted        |       |     1 |     2 ||     3
Armor: Robe              |    31 |       |       ||    31
       Leather armour    |     7 |    35 |    91 ||   133
Dodge: Dodged            |    77 |    75 |   195 ||   347

Table legend: (Time is in decaauts)
 A = Elapsed time spent in this place.
 B = Non-inter-level travel time spent in this place.
 C = Inter-level travel time spent in this place.
 D = Time resting spent in this place.
 E = Time spent auto-exploring this place.
 F = Levels seen in this place.
 G = Mean time per level.
                   A        B        C        D        E       F      G
               +--------+--------+--------+--------+--------+-----+--------+
         Total |   9270 |   8942 |    328 |   1174 |   6152 |   8 | 1158.8 |
       Dungeon |   9167 |   8844 |    323 |   1174 |   6099 |   7 | 1309.6 |
        Temple |    103 |     98 |      5 |      0 |     53 |   1 |  103.0 |
               +--------+--------+--------+--------+--------+-----+--------+

Top non-repeatable levels by time:
     D:4: 1731 daAuts
     D:6: 1624 daAuts
     D:5: 1481 daAuts
     D:2: 1357 daAuts
     D:7: 1075 daAuts
     D:3: 1042 daAuts
     D:1: 855 daAuts
  Temple: 103 daAuts
